 Dungeon Sprint DCSS version 0.21.1-1-g345015f (webtiles) character file.

0 Fang the Chopper (level 1, -2/20 HPs)
             Began as a Minotaur Berserker on May 16, 2018.
             Was a Follower of Trog.
             Slain by an iguana (13 damage)
             ... in the Dungeon (Sprint VI: "Thunderdome").
             The game lasted 00:00:10 (36 turns).

Fang the Chopper (Minotaur Berserker)                 Turns: 36, Time: 00:00:11

Health: -2/20      AC:  2    Str: 21    XL:     1   Next: 16%
Magic:  0/0        EV: 12    Int:  4    God:    Trog [*.....]
Gold:   200        SH:  0    Dex:  9    Spells: 0/0 levels left

rFire    . . .     SeeInvis .   a - +0 hand axe
rCold    . . .     Gourm    .   (no shield)
rNeg     . . .     Faith    .   b - +0 animal skin
rPois    .         Spirit   .   (helmet restricted)
rElec    .         Reflect  .   (no cloak)
rCorr    .         Harm     .   (no gloves)
MR       .....     NoTele   +   (no boots)
Stlth    +.........             (no amulet)
HPRegen  0.06/turn              (no ring)
MPRegen  0.07/turn              (no ring)

@: no status effects
A: retaliatory headbutt, horns 2
a: Berserk, Burn Spellbooks, Renounce Religion


You were in the Dungeon.
You worshipped Trog.
Trog was aware of your devotion.
You were not hungry.

You visited 1 branch You collected 200 gold pieces.

Inventory:

Hand Weapons
 a - a +0 hand axe (weapon)
Armour
 b - a +0 animal skin (worn)
Wands
 k - a wand of acid (5)
 l - a wand of iceblast (5)
Scrolls
 i - 4 scrolls of blinking
 m - 3 scrolls of fog
Potions
 d - a potion of curing
 e - 4 potions of heal wounds
 f - 4 potions of haste
 g - 2 potions of magic
 h - a potion of berserk rage
 j - a potion of resistance
Comestibles
 c - a ration


   Skills:
 + Level 4.0 Fighting
 + Level 4.0 Axes
 + Level 2.5 Armour
 + Level 2.3 Dodging


You couldn't memorise any spells.
You didn't know any spells.

Dungeon Overview and Level Annotations

Branches:
Dungeon (1/1)

Altars:
Cheibriados
Fedhas
Gozag
Kikubaaqudgha
Okawaru
Qazlal
Ru
Sif Muna
Trog
Uskayaw
Vehumet
Zin
Jiyva
Lugonu

Shops:
D *[%???:(


Innate Abilities, Weirdness & Mutations

You reflexively headbutt those who attack you in melee.
You have a pair of horns on your head.


Message History

No target in view!
No target in view!
No target in view!
No target in view!
No target in view!
No target in view!
Found Uwkat's Identification Station.
Found three altars.
An iguana comes into view.
You hit the iguana.
The iguana is moderately wounded.
The iguana bites you. The iguana barely misses you. You furiously retaliate!
You headbutt the iguana.
A frilled lizard comes into view.
You closely miss the iguana.
The frilled lizard hisses angrily.
You headbutt the iguana, but do no damage.
The iguana is severely wounded.
The iguana bites you!
Ouch! That really hurt!
You die...

##∩.....∩## #∩.......∩#
#_......._# #_......._#
#.(......_#
###.........###
#§(..........⌠#
######l8.........8.###
##∩___.@....###......___
#l...)....8.# #.8.......
.............###.........
..........###...###......
..........# #.<.# ......
..........# #...# ......
.............###.........
##∩........8. .8......
##∩___...... ......


You could see an iguana and a frilled lizard.

Vanquished Creatures
  A kobold (D)
1 creature vanquished.

Notes
Turn   | Place    | Note
-------+----------+-------------------------------------------
     0 | D        | Fang the Minotaur Berserker began the quest for the Orb.
     0 | D        | Reached XP level 1. HP: 19/19 MP: 0/0
     3 | D        | Found a bloodstained altar of Trog.
     3 | D        | Found an iron altar of Okawaru.
     4 | D        | Found a deep blue altar of Sif Muna.
     4 | D        | Found a glowing silver altar of Zin.
     5 | D        | Found a corrupted altar of Lugonu.
     5 | D        | Found a viscous altar of Jiyva.
     5 | D        | Round 1.
     6 | D        | Found a sacrificial altar of Ru.
     6 | D        | Found Vyehesim's Staff Store.
     6 | D        | Found Toonnoor's Magic Scroll Shop.
     7 | D        | Found a stormy altar of Qazlal.
     7 | D        | Found Debuju's Must-Have Magic.
     7 | D        | Found Razem's Magic Scroll Shop.
    23 | D        | Found an opulent altar of Gozag.
    27 | D        | Found a blossoming altar of Fedhas.
    27 | D        | Found an ancient bone altar of Kikubaaqudgha.
    27 | D        | Found Jacoj's Delicious Food.
    27 | D        | Found Ebepagh's Jewellery.
    28 | D        | Found Gegitrik's Advanced Armour.
    32 | D        | Found a snail-covered altar of Cheibriados.
    32 | D        | Found a hide-covered altar of Uskayaw.
    32 | D        | Found a radiant altar of Vehumet.
    32 | D        | Found Uwkat's Identification Station.
    33 | D        | Noticed an iguana
    36 | D        | Slain by an iguana

Skill      XL: |  1 |
---------------+----+-----
Fighting       | 4 |  4.0
Axes           | 4 |  4.0
Armour         | |  2.5
Dodging        | |  2.3

Action                   || total
-------------------------++-------
Melee: Hand axe          ||     5
       Headbutt          ||     1
Armor: Animal skin       ||     1
Dodge: Dodged            ||     2
